 Dungeon Crawl Stone Soup version 0.29-a0-321-gf1c400731a (webtiles) character file.

Game seed: 9169750899086687680

175 Murumi the Magician (level 5, -1/40 HPs)
             Began as a Djinni Arcane Marksman on Apr 3, 2022.
             Slain by Grinder (2 damage)
             ... while paralysed by Grinder
             ... on level 3 of the Dungeon.
             The game lasted 00:10:52 (4064 turns).

Murumi the Magician (Djinni Arcane Marksman)        Turns: 4064, Time: 00:10:52

Health: -1/40      AC:  7    Str:  9    XL:     5   Next: 85%
Gold:   85         EV:  2    Int: 20    God:
                   SH:  0    Dex: 16

rFire   + + .      SeeInvis .   a - +3 short sword
rCold   x . .      Faith    .   (no shield)
rNeg    . . .      Spirit   .   j - +0 ring mail
rPois   ∞          Reflect  .   (no helmet)
rElec   .          Harm     .   d - +1 cloak {rCorr}
rCorr   +          Rampage  .   (no gloves)
Will    .....                   (boots unavailable)
Stlth   ++........              (no amulet)
HPRegen 0.13/turn               k - +6 ring of intelligence
MPRegen 0.00/turn               (no ring)

@: paralysed, brilliant, flying
A: sickness immunity, fire resistance 2, cold vulnerability 1, float, innate
caster, HP casting, extra vitality 1
a: no special abilities


You were on level 3 of the Dungeon.
You visited 1 branch of the dungeon, and saw 3 of its levels.

You collected 85 gold pieces.

Inventory:

Hand Weapons
 a - a +3 short sword (weapon)
 f - a +0 hand crossbow
Armour
 d - a +1 cloak of preservation (worn)
 j - a +0 ring mail (worn)
Jewellery
 k - a +6 ring of intelligence (left hand)
Scrolls
 c - 3 scrolls of vulnerability
 g - a scroll of summoning
 i - a scroll of teleportation
Potions
 e - a potion of brilliance
 h - a potion of curing


   Skills:
 - Level 3.0 Fighting
 - Level 2.0 Crossbows
 - Level 1.0 Armour
 - Level 2.1 Dodging
 + Level 2.5 Stealth
 - Level 3.0 Spellcasting


You couldn't memorise any spells.
You knew the following spells:

 Your Spells              Type           Power      Damage    Failure   Level
a - Slow                  Hex            88%        N/A       12%         1
b - Inner Flame           Hex/Fire       22%        N/A       34%         3
c - Portal Projectile     Hex/Tloc       44%        N/A       34%         3
d - Cause Fear            Hex            11%        N/A       75%         4
e - Pain                  Necr           88%        1d8       12%         1
f - Scorch                Fire           44%        2d7       17%         2
Your spell library was empty.

Dungeon Overview and Level Annotations

Branches:
Dungeon (3/15)

Altars:

Shops:
D:1 [

Annotations:
D:3 Grinder


Innate Abilities, Weirdness & Mutations

You are immune to sickness and miasma.
You are immune to poison.
Your flesh is very heat resistant. (rF++)
You are vulnerable to cold. (rC-)
You float through the air rather than walking.
You learn spells naturally, not from books.
Your magical power is your life essence.
You have superior vitality. (+4 MHP)


Message History

Grinder is lightly wounded.
Grinder hits you but does no damage.
Unknown command.
Casting: Slow (safe; 12% risk of failure)
Confirm with . or Enter, or press ? or * to list all spells.
Aiming: Slow (safe; 12% risk of failure)
Press: ? - help, Shift-Dir - straight line, f/p - Grinder
Aim: Grinder (lightly wounded, chance to affect: 62%)
You feel a surge of power!
Grinder seems to slow down.
Grinder barely misses you.
You barely miss Grinder.
Grinder is lightly wounded.
Grinder closely misses you.
You closely miss Grinder.
Grinder is lightly wounded.
Grinder hits you.
* * * LOW HITPOINT WARNING * * *
You writhe in agony.
* * * LOW HITPOINT WARNING * * *
You hit Grinder.
Grinder is moderately wounded.
You closely miss Grinder.
Grinder is moderately wounded.
Grinder gestures at you.
You struggle to resist.
You hit Grinder.
Grinder is moderately wounded.
Grinder completely misses you.
You hit Grinder but do no damage.
Grinder is moderately wounded.
Grinder gestures at you.
You suddenly lose the ability to move!
Grinder hits you.
* * * LOW HITPOINT WARNING * * *
You writhe in agony.
* * * LOW HITPOINT WARNING * * *
Grinder hits you.
* * * LOW HITPOINT WARNING * * *
You writhe in agony.
You die...

... ... ..# #.#
#.# #.#####.#
#....##.#
###.......#
######.........#
###......#...)...#
#@..######(...#.<#
####5####
#.####..#
#.).....#
#.####..#
#.##.##.#
#.......# # #.# #
#.####... ...
###.####.## ....
#.....##.## .....
#.....##...
#####.#
#.....##.#.


You could see Grinder (slow).

Vanquished Creatures
  Crazy Yiuf (D:2)
  Natasha (thrice) (D:2)
  An adder (D:2)
  A worm (D:2)
  2 dart slugs
  An orc (D:2)
  9 ball pythons
  7 bats
  4 endoplasms (D:1)
  3 giant cockroaches (D:1)
  8 hobgoblins
  3 kobolds
  3 quokkas
  6 frilled lizards
  6 rats
58 creatures vanquished.

Notes
Turn   | Place    | Note
-------+----------+-------------------------------------------
     0 | D:1      | Murumi the Djinni Arcane Marksman began the quest for the
                  | Orb.
     0 | D:1      | Reached XP level 1. HP: 17/17 MP: 0/0
    85 | D:1      | Reached XP level 2. HP: 13/22 MP: 0/0
   508 | D:1      | Found Ustrae's Antique Armour Boutique.
   599 | D:1      | Reached XP level 3. HP: 27/27 MP: 0/0
   599 | D:1      | Learned a level 1 spell: Pain
  1032 | D:2      | Reached skill level 1 in Stealth
  1350 | D:2      | Reached XP level 4. HP: 33/33 MP: 0/0
  1428 | D:2      | Found a faded altar of an unknown god.
  1448 | D:2      | Noticed Natasha
  1474 | D:2      | Killed Natasha
  1475 | D:2      | Reached skill level 1 in Armour
  1985 | D:2      | Noticed Natasha
  2005 | D:2      | Killed Natasha
  2006 | D:2      | Reached XP level 5. HP: 5/38 MP: 0/0
  2006 | D:2      | Learned a level 2 spell: Scorch
  2821 | D:2      | Found a runed translucent door.
  2822 | D:2      | Noticed Crazy Yiuf
  2933 | D:2      | Killed Crazy Yiuf
  3185 | D:2      | Found a faded altar of an unknown god.
  3701 | D:2      | Noticed Natasha
  3709 | D:2      | Killed Natasha
  4042 | D:3      | Noticed Grinder
  4061 | D:3      | Paralysed by Grinder for 7 turns
  4063 | D:3      | HP: 2/40 [Grinder (5)]
  4064 | D:3      | Slain by Grinder

Illustrated notes

Levels and vault maps discovered:
D:1:      dpeg_arrival_rooms_with_view, layout_basic, serial_shops,
          nicolae_shop_overgrown_old_shop
D:2:      minmay_chambers_of_ones, layout_basic, ebering_ecumenical_altar_rust,
          uniq_natasha, uniq_crazy_yiuf_cottage
D:3:      layout_loops_cross, gammafunk_ghost_abyssal_escape,
          portal_sewer_entry_f, kennysheep_generic_room_9, uniq_grinder

Skill      XL: |  1  2  3  4  5 |
---------------+----------------+-----
Crossbows      | 2 |  2.0
Spellcasting   | 3 |  3.0
Stealth        | 1 2 |  2.5
Fighting       | 2 3 |  3.0
Armour         | 1 |  1.0
Dodging        | |  2.1

Action                   |  1- 3 |  4- 6 || total
-------------------------+-------+-------++-------
Melee: Short sword       |     6 |    64 ||    70
 Fire: Hand crossbow     |    89 |    58 ||   147
 Cast: Slow              |     1 |     9 ||    10
  Use: Scroll            |     8 |     3 ||    11
       Potion            |       |     4 ||     4
Armor: Robe              |    14 |       ||    14
       Skin              |       |    22 ||    22
       Ring mail         |       |    13 ||    13
Dodge: Dodged            |    35 |    24 ||    59

Table legend: (Time is in decaauts)
 A = Elapsed time spent in this place.
 B = Non-inter-level travel time spent in this place.
 C = Inter-level travel time spent in this place.
 D = Time resting spent in this place.
 E = Time spent auto-exploring this place.
 F = Levels seen in this place.
 G = Mean time per level.
                   A        B        C        D        E       F      G
               +--------+--------+--------+--------+--------+-----+--------+
         Total |   4165 |   3974 |    191 |     27 |   3332 |   3 | 1388.3 |
       Dungeon |   4165 |   3974 |    191 |     27 |   3332 |   3 | 1388.3 |
               +--------+--------+--------+--------+--------+-----+--------+

Top non-repeatable levels by time:
     D:2: 2916 daAuts
     D:1: 1125 daAuts
     D:3: 123 daAuts
